 Dungeon Crawl Stone Soup version 0.19-a0-854-gc78d25d (webtiles) character file.

26698 Implojin the Fighter (level 13, -3/140 HPs)
             Began as a Troll Fighter on July 2, 2016.
             Was a High Priest of Okawaru.
             Killed by angry trees
             ... awakened by a spriggan druid
              (18 damage)
             ... on level 3 of the Swamp.
             The game lasted 00:27:10 (3885 turns).

Implojin the Fighter (Troll Fighter)                Turns: 3885, Time: 00:27:11

Health: -3/140     AC:  9    Str: 34      XL:     13   Next: 0%
Magic:  12/18      EV: 13    Int:  3 (4)  God:    Okawaru [*****.]
Gold:   0          SH: 21    Dex: 13      Spells: 0 memorised, 12 levels left

rFire  . . .     SeeInvis .       - Unarmed
rCold  + . .     Gourm    +     P - +1 robe {rC+}
rNeg   . . .     Faith    +     q - +0 large shield "Erroaf" {+Fly Str+2 Stlth+}
rPois  .         Spirit   .     J - +0 hat
rElec  .         Dismiss  .     L - +2 cloak {+Inv}
rCorr  .         Reflect  .     (gloves unavailable)
SustAt .         Harm     .     (boots unavailable)
MR     .....                    c - amulet of faith
Stlth  +++.......               (no ring)
                                x - ring of wizardry

@: mighty, heroism, finesse, very slightly contaminated, hasted and slowed, not
resistant to hostile enchantments, fairly stealthy
A: unfitting armour, claws 3, deterioration 1, fast metabolism 3, gourmand,
regeneration 3, shaggy fur 1, tough skin 2
a: Heroism, Finesse, Renounce Religion, Evoke Invisibility, Evoke Flight


You were on level 3 of the Swamp.
You worshipped Okawaru.
Okawaru was extremely pleased with you.
You were full.

You visited 3 branches of the dungeon, and saw 19 of its levels.

Inventory:

Hand Weapons
 a - a +5 blowgun
Missiles
 m - 13 curare-tipped needles
 B - 13 large rocks (quivered)
Armour
 q - the +0 large shield "Erroaf" (worn) {+Fly Str+2 Stlth+}
   (Okawaru gifted it to you on level 3 of the Lair of Beasts)

   It affects your strength (+2).
   It lets you fly.
   It makes you more stealthy.
 J - a +0 hat (worn)
 L - a +2 cloak of invisibility (worn)
 P - a +1 robe of cold resistance (worn)
Jewellery
 c - an amulet of faith (around neck)
 v - an uncursed amulet of the gourmand {unknown}
 x - a ring of wizardry (left claw)
Wands
 o - a wand of flame (34/48)
 p - a wand of disintegration (6/24)
 y - a wand of teleportation (8/9)
 E - a wand of slowing (32/48)
 K - a wand of disintegration (6/24)
 M - a wand of lightning (7/15)
Scrolls
 e - 3 scrolls of fear
 i - a scroll of enchant armour {unknown}
 j - 2 scrolls of recharging
 l - 3 scrolls of random uselessness {unknown}
 n - 2 scrolls of blinking
 r - a scroll of amnesia {unknown}
 u - a scroll of fog {unknown}
 D - a scroll of noise {unknown}
 F - a scroll of enchant weapon {unknown}
 H - a scroll of brand weapon {unknown}
Potions
 b - a potion of resistance {unknown}
 f - a potion of flight
 h - a potion of mutation
 s - a potion of degeneration
 C - a potion of cancellation
 O - a potion of berserk rage {unknown}
Books
 g - a book of Misfortune

   Spells                             Type                      Level
   a - Confusing Touch                Hexes                        1
   b - Confuse                        Hexes                        3
   c - Gell's Gravitas                Hexes/Translocation          3
   d - Petrify                        Transmutation/Earth          4
   e - Metabolic Englaciation         Hexes/Ice                    5
   f - Yara's Violent Unravelling     Hexes/Transmutation          5
 G - a book of Burglary

   Spells                             Type                      Level
   a - Swiftness                      Charms/Air                   2
   b - Passwall                       Transmutation/Earth          2
   c - Passage of Golubria            Translocation                4
   d - Lee's Rapid Deconstruction     Earth                        5
   e - Darkness                       Hexes                        6
   f - Invisibility                   Hexes                        6
 N - a book of Unlife

   Spells                             Type                      Level
   a - Recall                         Summoning/Translocation      3
   b - Animate Dead                   Necromancy                   4
   c - Control Undead                 Necromancy                   4
   d - Cigotuvi's Embrace             Necromancy                   5
   e - Death Channel                  Necromancy                   6
   f - Simulacrum                     Ice/Necromancy               6
Comestibles
 d - 7 bread rations
 k - 4 meat rations
 t - a slice of pizza


   Skills:
 - Level 12.3(17.3) Fighting
 - Level 2.4(7.4) Dodging
 * Level 7.0(12.0) Shields
 - Level 12.1(17.1) Unarmed Combat
 - Level 8.0 Invocations


You had 12 spell levels left.
You didn't know any spells.

Dungeon Overview and Level Annotations

Branches:
Dungeon (12/15)              Lair (4/6) D:9           Swamp (3/4) Lair:2
 Spider (0/4) Lair:3
 Temple: D:4-7          Orc: D:9-12

Altars:
Ashenzari
Dithmenos
Fedhas
Makhleb
Okawaru
Pakellas
Uskayaw
Vehumet
Xom
The Shining One

Shops:
D:9 %?*%

Annotations:
D:10 exclusion: 2 oklob plants
Swamp:3 Aizul


Innate Abilities, Weirdness & Mutations

You are too large for most types of armour.
You have claws for hands.
Your metabolism is lightning-fast.
You like to eat raw meat.
You regenerate.
You are covered in fur. (AC +1)
You have very tough skin. (AC +2)
Your body sometimes deteriorates upon taking damage.


Message History

Okay, then.
You miss the spriggan.
The spriggan druid shouts!
You block the spriggan's attack.
You claw the spriggan!
The spriggan is severely wounded.
The alligator puts on a burst of speed!
You closely miss the spriggan.
The spriggan is severely wounded.
The spriggan druid calls out to the beasts of the wild!
You block the spriggan's attack.
You mangle the spriggan!!
You kill the spriggan!
Okawaru accepts your kill.
You feel very mighty all of a sudden.
The spriggan druid gestures wildly while chanting.
The forest starts to sway and rumble!
You mangle the alligator!!
The alligator is moderately wounded.
You eviscerate the alligator!!!
You kill the alligator!
Okawaru is honoured by your kill. Something appears at your feet!
Okawaru grants you a gift!
Your base Shields skill increases to level 7!
You have reached level 13!
Trunks creak and shift.
A root smacks you from below.
* * * LOW HITPOINT WARNING * * *
Your body deteriorates!
You feel dopey. The spriggan barely misses you. The alligator bites you!
* * * LOW HITPOINT WARNING * * *
You block the alligator's attack.
Unknown command.
You mangle the alligator!!
The alligator is heavily wounded.
You completely miss the alligator.
The alligator is heavily wounded.
A tree reaches out and hits you!
You die...

♣♣ ♣♣.♣♣
♣≈≈≈$♣
♣♣...≈≈♣♣
♣≈.≈♣.≈.♣
♣♣≈≈≈..§.♣
♣@i≈.≈≈?.≈
♣♣t.≈i≈.≈♣
♣♣.♣≈♣...
≈≈♣.≈ ≈
≈..≈.≈≈
≈..≈...
...♣♣≈♣
.≈♣♣


You could see an alligator, a spriggan druid and a spriggan.

Vanquished Creatures
  Gastronok (Lair:3)
  Maud (Lair:3)
  The ghost of rageheart7 the Fighter, a journeyman DsFi of Okawaru (Lair:2)
  Fannar (Lair:1)
  A hydra (Lair:2)
  The ghost of gressup the Covert, a journeyman HuCj of Dithmenos (Lair:1)
  3 alligators
  2 death yaks (Lair:2)
  The ghost of kelbaugc the Covert, a journeyman SpWn of Gozag (D:11)
  Sonja (Lair:2)
  Nergalle (Lair:3)
  A shambling mangrove (Swamp:2)
  An unseen horror (D:11)
  2 hill giants
  A swamp dragon (Swamp:3)
  An orb spider (Lair:3)
  An ugly thing (D:11)
  5 elephants (Lair:3)
  2 cyclopes
  2 centaur skeletons
  A torpor snail (Lair:2)
  2 rime drakes
  3 spiny frogs
  2 komodo dragons
  A troll (D:10)
  Grinder (D:3)
  A bog body (Swamp:2)
  A two-headed ogre (D:10)
  3 blink frogs (Lair:2)
  12 yaks
  A spriggan (Swamp:3)
  Menkaure (D:7)
  2 hippogriffs
  3 swamp worms
  5 water moccasins
  A swamp drake (Swamp:1)
  2 porcupines
  2 orc warriors (D:10)
  2 ice beasts (D:10)
  3 wasps (Swamp:2)
  5 ogres
  4 crocodiles
  4 giant frogs
  A wyvern skeleton (D:11)
  2 scorpions
  5 killer bees (D:8)
  7 wights
  A crimson imp (D:6)
  2 hounds
  2 jellies
  2 giant frog skeletons
  2 orc priests
  3 iguanas
  4 orc wizards
  4 worker ants
  5 sheep (Lair:1)
  A gnoll (D:8)
  6 adders
  11 river rats (Lair:2)
  A shadow imp (D:6)
  An adder skeleton (D:4)
  A dart slug (D:2)
  A giant gecko (D:6)
  21 orcs
  A ball python (D:3)
  2 bats
  A giant cockroach (D:2)
  6 hobgoblins
  6 jackals
  4 kobolds
  A quokka (D:8)
  A giant gecko skeleton (D:9)
  3 giant newts
  5 goblins
  4 rats
209 creatures vanquished.

Vanquished Creatures (others)
  4 toadstools (Swamp:1)
4 creatures vanquished.

Grand Total: 213 creatures vanquished

Notes
Turn   | Place    | Note
-------+----------+-------------------------------------------
     0 | D:1      | Implojin the Troll Fighter began the quest for the Orb.
     0 | D:1      | Reached XP level 1. HP: 22/22 MP: 0/0
    96 | D:1      | Reached XP level 2. HP: 28/29 MP: 1/1
   110 | D:1      | Reached skill level 3 in Unarmed Combat
   294 | D:2      | Reached XP level 3. HP: 36/36 MP: 2/2
   298 | D:2      | Found a burning altar of Makhleb.
   334 | D:3      | Noticed Grinder
   338 | D:3      | Paralysed by Grinder for 2 turns
   346 | D:3      | Paralysed by Grinder for 2 turns
   352 | D:3      | Killed Grinder
   352 | D:3      | Reached skill level 6 in Unarmed Combat
   352 | D:3      | Reached XP level 4. HP: 7/44 MP: 3/3
   352 | D:3      | Reached XP level 5. HP: 8/50 MP: 4/4
   428 | D:4      | Reached XP level 6. HP: 33/59 MP: 5/5
   450 | D:4      | Found an iron altar of Okawaru.
   459 | D:4      | Became a worshipper of Warmaster Okawaru
   751 | D:5      | Entered Level 5 of the Dungeon
   751 | D:5      | Found a shattered altar of Ashenzari.
   757 | D:5      | Reached skill level 7 in Unarmed Combat
   818 | D:4      | Reached XP level 7. HP: 59/66 MP: 6/6
   834 | D:5      | Reached * piety under Okawaru
   889 | D:6      | Reached skill level 8 in Unarmed Combat
  1117 | D:6      | Found a radiant altar of Vehumet.
  1151 | D:7      | Reached skill level 9 in Unarmed Combat
  1236 | D:7      | Reached ** piety under Okawaru
  1238 | D:7      | Noticed Menkaure
  1245 | D:7      | Killed Menkaure
  1245 | D:7      | Reached XP level 8. HP: 62/74 MP: 4/7
  1249 | D:7      | Reached skill level 10 in Unarmed Combat
  1368 | D:9      | Found Weneniy's Food Emporium.
  1378 | D:10     | Entered Level 10 of the Dungeon
  1412 | D:9      | Found Offiwod's Magic Scroll Boutique.
  1451 | D:9      | Found a glowing golden altar of the Shining One.
  1451 | D:9      | Found a hide-covered altar of Uskayaw.
  1451 | D:9      | Found a shimmering altar of Xom.
  1451 | D:9      | Found an oddly glowing altar of Pakellas.
  1454 | D:9      | Found a shadowy altar of Dithmenos.
  1490 | D:10     | Reached *** piety under Okawaru
  1490 | D:10     | Reached skill level 11 in Unarmed Combat
  1536 | D:10     | Noticed a hill giant
  1542 | D:10     | Noticed a two-headed ogre
  1546 | D:10     | Killed a hill giant
  1546 | D:10     | Reached XP level 9. HP: 71/80 MP: 5/8
  1552 | D:10     | Reached **** piety under Okawaru
  1552 | D:10     | Reached skill level 12 in Unarmed Combat
  1647 | D:10     | Reached skill level 3 in Fighting
  1685 | D:10     | Noticed a cyclops
  1694 | D:10     | Reached skill level 4 in Fighting
  1702 | D:10     | Reached skill level 5 in Fighting
  1704 | D:10     | Reached ***** piety under Okawaru
  1708 | D:10     | Killed a cyclops
  1708 | D:10     | Reached skill level 6 in Fighting
  1798 | D:11     | Noticed kelbaugc's ghost (journeyman SpWn)
  1826 | D:11     | Killed kelbaugc's ghost
  1826 | D:11     | Reached skill level 7 in Fighting
  1826 | D:11     | Reached XP level 10. HP: 29/102 MP: 6/9
  1841 | D:11     | Noticed a hill giant
  1845 | D:11     | Killed a hill giant
  1877 | D:11     | Reached skill level 8 in Fighting
  1888 | D:11     | Killed an unseen horror
  1888 | D:11     | Reached ****** piety under Okawaru
  1934 | D:11     | Noticed a green ugly thing
  1943 | D:11     | Killed a green ugly thing
  1943 | D:11     | Reached skill level 9 in Fighting
  1952 | D:11     | Received a gift from Okawaru
  1956 | D:11     | HP: 4/107 [yak (5)]
  2163 | D:10     | Found a blossoming altar of Fedhas.
  2165 | D:10     | Noticed an oklob plant
  2165 | D:10     | Noticed an oklob plant
  2323 | D:11     | Noticed a cyclops
  2347 | D:11     | Gained mutation: Your body sometimes deteriorates upon taking damage. [potion of mutation]
  2347 | D:11     | Gained mutation: You regenerate. [potion of mutation]
  2376 | D:11     | Killed a cyclops
  2388 | D:11     | Reached skill level 10 in Fighting
  2532 | D:9      | Found Rekhiel's Assorted Antiques.
  2532 | D:9      | Found Dealun's Food Shoppe.
  2565 | D:8      | Reached XP level 11. HP: 75/118 MP: 7/10
  2575 | D:8      | Reached skill level 1 in Invocations
  2728 | D:9      | Found a staircase to the Lair.
  2734 | Lair:1   | Entered Level 1 of the Lair of Beasts
  2775 | Lair:1   | Noticed gressup's ghost (journeyman HuCj)
  2785 | Lair:1   | Killed gressup's ghost
  2785 | Lair:1   | Reached skill level 3 in Invocations
  2910 | Lair:2   | Reached skill level 4 in Invocations
  2934 | Lair:2   | Received a gift from Okawaru
  2981 | Lair:3   | Noticed Gastronok
  2994 | Lair:3   | Reached skill level 5 in Invocations
  3005 | Lair:3   | Killed Gastronok
  3005 | Lair:3   | Received a gift from Okawaru
  3005 | Lair:3   | Reached skill level 6 in Invocations
  3006 | Lair:3   | Got a steaming large shield {god gift}
  3017 | Lair:3   | Identified the +0 large shield "Erroaf" {+Fly Str+2 Stlth+} (Okawaru gifted it to you on level 3 of the Lair of Beasts)
  3044 | Lair:3   | Reached skill level 7 in Invocations
  3055 | Lair:3   | Reached skill level 8 in Invocations
  3094 | Lair:3   | Found a glowing golden altar of the Shining One.
  3125 | Lair:3   | Found a hole to the Spider Nest.
  3125 | Lair:3   | Noticed an orb spider
  3146 | Lair:3   | Killed an orb spider
  3161 | Lair:3   | Noticed Maud
  3181 | Lair:3   | Killed Maud
  3181 | Lair:3   | Reached skill level 11 in Fighting
  3181 | Lair:3   | Reached XP level 12. HP: 58/130 MP: 10/17
  3211 | Lair:3   | Noticed Nergalle
  3237 | Lair:3   | Killed Nergalle
  3441 | Lair:1   | Noticed Fannar
  3460 | Lair:1   | Killed Fannar
  3460 | Lair:1   | Received a gift from Okawaru
  3522 | Lair:2   | Noticed Sonja
  3530 | Lair:2   | Reached skill level 12 in Fighting
  3544 | Lair:2   | Killed Sonja
  3584 | Lair:2   | Noticed a death yak
  3584 | Lair:2   | Noticed a death yak
  3597 | Lair:2   | Killed a death yak
  3605 | Lair:2   | Killed a death yak
  3605 | Lair:2   | Reached skill level 3 in Shields
  3617 | Lair:2   | Noticed a four-headed hydra
  3617 | Lair:2   | Noticed rageheart7's ghost (journeyman DsFi)
  3618 | Lair:2   | Found a staircase to the Swamp.
  3634 | Lair:2   | Killed rageheart7's ghost
  3634 | Lair:2   | Reached skill level 4 in Shields
  3643 | Lair:2   | Killed a four-headed hydra
  3654 | Swamp:1  | Entered Level 1 of the Swamp
  3680 | Swamp:1  | Noticed an alligator
  3693 | Swamp:1  | Noticed an alligator
  3693 | Swamp:1  | Killed an alligator
  3693 | Swamp:1  | Reached skill level 5 in Shields
  3710 | Swamp:1  | Killed an alligator
  3754 | Swamp:1  | Reached skill level 6 in Shields
  3869 | Swamp:3  | Noticed Aizul
  3875 | Swamp:3  | Noticed an alligator
  3875 | Swamp:3  | Noticed an alligator
  3883 | Swamp:3  | Killed an alligator
  3883 | Swamp:3  | Received a gift from Okawaru
  3883 | Swamp:3  | Reached skill level 7 in Shields
  3883 | Swamp:3  | Reached XP level 13. HP: 38/140 MP: 12/18
  3885 | Swamp:3  | Killed from afar by a spriggan druid

Vault maps used:
D:1:      sevenhm_arrival_forest_fort_small_4
D:2:      bloody_makhleb, first_bread, elyvilon_altar_4
D:3:      uniq_grinder
D:4:      okawaru_trees_1
D:5:      abandoned_shop, evilmike_ruin_ashenzari
D:6:      vehumet_crystals
D:7:      uniq_menkaure
D:8:      kennysheep_little_box, serial_co_window_serial, co_window_paths_b,
          co_window_corner_a, co_window_paths_a, co_window_corner_a,
          co_window_paths_a, co_window_unsneaky_path_c,
          co_window_unsneaky_path_d, co_window_corner_b, co_window_2corner,
          co_window_4corner_a, co_window_paths_d, glass_columns_b,
          glass_columns_a, glass_columns_c, blue_anna_alchemist,
          nrook_loot_triangle
D:9:      nicolae_overflow_hidden_temple, lair_0_dummy, erik_orc_1,
          serial_shops, shop, kennysheep_mini, shop, shop_fountains,
          nicolae_shop_statue_plus, minmay_door_square
D:10:     serial_column_ruins, column_ruins_hut, column_ruins_columns_straight,
          column_ruins_grid_1, column_ruins_corridor_plus, column_ruins_grid_1,
          column_ruins_corridor_T, column_ruins_corridor_dead_end,
          hangedman_tree_tricks
D:12:     serial_shops, shop_fountains, uniq_frances
Lair:1:   uniq_prince_ribbit2, uniq_joseph, uniq_fannar
Lair:2:   minmay_swamp_entry_reptiles, st_stairs_5, beast_lair_carwin_2,
          lemuel_fruit_tree, grunt_megastairs_3, uniq_sonja
Lair:3:   minmay_lair_oklob_items, nicolae_spider_entry_orb_guardian,
          basic_altar, infiniplex_staircase_pool_2, uniq_maud, uniq_gastronok,
          uniq_nergalle
Lair:4:   serial_bayou_ford_a, grunt_megastairs_5
Swamp:1:  cheibrodos_swamp_tower_of_moss, evilmike_swamp_ruin_rubble_2,
          swamp_pool3
Swamp:2:  evilmike_swamp_ruin_house_4, uniq_donald, uniq_kirke
Swamp:3:  evilmike_swamp_ruin_house_5, swamp_pool4,
          nicolae_swamp_very_dense_foliage, uniq_aizul

Skill      XL: |  1  2  3  4  5  6  7  8  9 10 11 12 |
---------------+-------------------------------------+-----
Unarmed Combat | 3 6 7 9 11 12 | 12.1
Fighting       | 7 10 11 12 | 12.3
Invocations    | 8 |  8.0
Shields        | 7 |  7.0
Dodging        | |  2.4

Action                   |  1- 3 |  4- 6 |  7- 9 | 10-12 | 13-15 || total
-------------------------+-------+-------+-------+-------+-------++-------
Melee: Unarmed           |    77 |    55 |   171 |   390 |     2 ||   695
Throw: Large rock        |       |       |       |     9 |       ||     9
Invok: Heroism           |       |       |     9 |    34 |       ||    43
       Finesse           |       |       |       |    12 |       ||    12
Evoke: Wand              |       |       |       |     1 |       ||     1
  Use: Potion            |     1 |       |       |     6 |       ||     7
       Scroll            |       |       |     4 |    13 |       ||    17
 Stab: Invisible         |       |       |       |     2 |       ||     2
       Sleeping          |       |       |       |     3 |       ||     3
  Eat: Chunk             |     6 |     7 |     8 |    16 |       ||    37
Armor: Robe              |    49 |    17 |    23 |    42 |       ||   131
Dodge: Dodged            |    42 |     8 |    45 |    81 |     1 ||   177
Block: Shield            |    58 |    26 |    56 |    55 |       ||   195
       Large shield      |       |       |       |   145 |     1 ||   146

Table legend:
 A = Turns spent in this place as a percentage of turns spent in the entire game.
 B = Non-inter-level travel turns spent in this place as a percentage of non-inter-level travel turns spent in the entire game.
 C = Inter-level travel turns spent in this place as a percentage of turns spent in this place.
 D = Turns resting spent in this place as a percentage of non-inter-level travel turns spent in this place.
 E = Turns spent auto-exploring this place as a percentage of non-inter-level travel turns spent in this place.
 F = Non-inter-level travel turns spent in this place divided by the number of levels of this place that you've seen.
                   A       B       C       D       E      F
               +-------+-------+-------+-------+-------+----------------------
         Total | 100.0 | 100.0 |   0.0 |   0.1 |   0.0 | 205.2
       Dungeon |  70.0 |  70.0 |   0.0 |   0.0 |   0.0 | 227.5
          Lair |  23.8 |  23.8 |   0.0 |   0.0 |   0.0 | 231.5
         Swamp |   6.2 |   6.2 |   0.0 |   1.2 |   0.0 |  80.7
               +-------+-------+-------+-------+-------+----------------------

Table legend:
 A = Kills in this place as a percentage of kills in entire the game.
 B = Kills by you in this place as a percentage of kills by you in the entire game.
 C = Kills by friends in this place as a percentage of kills by friends in the entire game.
 D = Other kills in this place as a percentage of other kills in the entire game.
 E = Experience gained in this place as a percentage of experience gained in the entire game.
 F = Experience gained in this place divided by the number of levels of this place that you have seen.
                   A       B       C       D       E      F
               +-------+-------+-------+-------+-------+----------------------
         Total | 100.0 | 100.0 |  -nan |  -nan | 100.0 | 2007.4
       Dungeon |  62.2 |  62.2 |  -nan |  -nan |  29.0 | 922.9
          Lair |  30.6 |  30.6 |  -nan |  -nan |  55.1 | 5257.0
         Swamp |   7.2 |   7.2 |  -nan |  -nan |  15.8 | 2012.7
               +-------+-------+-------+-------+-------+----------------------
